 Dungeon Crawl Stone Soup version 0.31-a0-239-g0a1456f148 (webtiles) character file.

Game seed: 1488081877687199801

387 qw the Shooter (level 6, -1/52 HPs)
             Began as a Minotaur Hexslinger on July 11, 2023.
             Was a Follower of Okawaru.
             Slain by Sigmund
             ... wielding a +0 scythe
              (8 damage)
             ... on level 3 of the Dungeon.
             The game lasted 00:01:06 (2892 turns).

qw the Shooter (Minotaur Hexslinger)                Turns: 2892, Time: 00:01:06

Health: -1/52      AC:  6    Str: 13    XL:     6   Next: 49%
Magic:  6/6        EV: 11    Int: 10    God:    Okawaru [*.....]
Gold:   210        SH:  5    Dex: 14    Spells: 6/7 levels left

rFire   . . .        Y - +1 sling
rCold   . . .        (no shield)
rNeg    + . .        f - +0 ring mail
rPois   .            (helmet restricted)
rElec   .            (no cloak)
rCorr   .            (no gloves)
SInv    .            (no boots)
Will    .....        j - amulet of reflection
Stlth   +            b - ring of positive energy
HPRegen 0.28/turn    (no ring)
MPRegen 0.10/turn

%: reflection
@: no status effects
A: horns 2, retaliatory headbutt
a: Renounce Religion, Heroism


You were on level 3 of the Dungeon.
You worshipped Okawaru.
Okawaru was aware of your devotion.
You visited 1 branch of the dungeon, and saw 3 of its levels.

You collected 210 gold pieces.


Innate Abilities, Weirdness & Mutations

You have a pair of horns on your head.
You reflexively headbutt those who attack you in melee.


   Skills:
 - Level 4.0 Fighting
 + Level 5.0 Ranged Weapons
 - Level 4.5 Armour
 - Level 2.1 Dodging
 - Level 1.0 Spellcasting
 - Level 2.0 Hexes
 + Level 0.2 Invocations


You had 6 spell levels left.
You knew the following spells:

 Your Spells              Type           Power      Damage    Failure   Level
a - Slow                  Hex            16%        N/A       30%         1

Your spell library contained the following spells:

 Spells                   Type           Power      Damage    Failure   Level
 Inner Flame              Hex/Fire       2%         N/A       80%         3
 Portal Projectile        Hex/Tloc       4%         N/A       80%         3
 Cause Fear               Hex            2%         N/A       96%         4

Inventory:

Hand Weapons
 Y - a +1 sling (weapon)
Armour
 f - a +0 ring mail (worn)
Jewellery
 b - a ring of positive energy (left hand)
 j - an amulet of reflection (around neck)
Scrolls
 a - 3 scrolls of identify
Potions
 g - 2 potions of haste
 h - a potion of cancellation
 l - a potion of curing

Dungeon Overview and Level Annotations

Branches:
Dungeon (3/15)

Altars:
Makhleb
Okawaru

Annotations:
D:3 Sigmund


Message History

Enter note:
Enter note:
Enter note:
Enter note:
Enter note:
Enter note:
Enter note:
Enter note:
Enter note:
Enter note:
Enter note:
Enter note:
Enter note:
Enter note:
Enter note:
Enter note:
Enter note:
Enter note:
Enter note:
Enter note:
Enter note:
Enter note:
Enter note:
Enter note:
Enter note:
Enter note:
Enter note:
Enter note:
Enter note:
Enter note:
Enter note: Sigmund mumbles some strange words.
Sigmund flickers and vanishes!
Deactivating autopickup; reactivate with Ctrl-A.
Autopickup is now on.
There is a strange disturbance nearby!
2891 ||| Stepping randomly (disturbance).
2892 ||| Stepping randomly (disturbance).
Something hits you!
You die...

###########
###
#..........
...
##.##.#####
####
#..........
...
#...##.....
#... #..##
... +...
##..# . ..##
#...#######
## ##
#.#...@....#
...#.
###.######.#
...#. #.#
...... #.#
#.##.#
....#. #.#
#.##.#
.....#. #.#
#.##.. .###
## #.#
#.##.# ..##
#.# #.##.#
#... #.#
#.##.# #
.....


There were no monsters in sight!

Vanquished Creatures
  Grinder (D:3)
  A scorpion (D:3)
  Terence (D:2)
  Robin (D:3)
  4 adders
  A worm (D:2)
  2 dart slugs
  5 ball pythons
  4 endoplasms
  5 giant cockroaches
  8 hobgoblins
  A jackal (D:2)
  5 kobolds
  A frilled lizard (D:3)
  9 goblins
  4 rats
53 creatures vanquished.

Notes
Turn   | Place    | Note
-------+----------+-------------------------------------------
     0 | D:1      | qw the Minotaur Hexslinger began the quest for the Orb.
     0 | D:1      | Reached XP level 1. HP: 16/16 MP: 1/1
     0 | D:1      | 0 ||| qw: Version: 0.3-a-52-g30416fa
     0 | D:1      | 0 ||| qw: Game counter: 5951
     0 | D:1      | 0 ||| qw: Melee chars always use a shield: true
     0 | D:1      | 0 ||| qw: God list: Okawaru
     0 | D:1      | 0 ||| qw: Allow faded altars: false
     0 | D:1      | 0 ||| qw: Do Orc after clearing Dungeon:15 true
     0 | D:1      | 0 ||| qw: Do second Lair branch before Depths: true
     0 | D:1      | 0 ||| qw: Lair rune preference: random
     0 | D:1      | 0 ||| qw: Goals: Normal
     0 | D:1      | 0 ||| PLANNING D:1-11
   269 | D:1      | Reached skill level 3 in Ranged Weapons
   306 | D:1      | Reached XP level 2. HP: 13/23 MP: 2/2
   742 | D:1      | 742 ||| UPGRADING to amulet of the acrobat.
   747 | D:1      | 747 ||| UPGRADING to amulet of reflection.
   757 | D:1      | 757 ||| DROPPING amulet of the acrobat.
   758 | D:1      | 758 ||| READING 6 scrolls labelled QEHAEQ TEB QAFOE.
   759 | D:1      | 759 ||| READING scroll labelled XEBIUKL COKUI.
   760 | D:1      | 760 ||| READING scroll labelled BIMITOA CUBBY.
   761 | D:1      | 761 ||| READING 5 scrolls of identify.
   761 | D:1      | 761 ||| IDENTIFYING viscous brown potion
   762 | D:1      | 762 ||| READING 4 scrolls of identify.
   762 | D:1      | 762 ||| IDENTIFYING lumpy golden potion
   763 | D:1      | 763 ||| READING 3 scrolls of identify.
   763 | D:1      | 763 ||| IDENTIFYING orange potion
   764 | D:1      | 764 ||| READING 2 scrolls of identify.
   764 | D:1      | 764 ||| IDENTIFYING golden potion
   765 | D:1      | 765 ||| DROPPING scroll of poison.
   946 | D:2      | Reached XP level 3. HP: 12/29 MP: 3/3
  1119 | D:2      | Reached skill level 4 in Ranged Weapons
  1366 | D:2      | Found a faded altar of an unknown god.
  1514 | D:2      | Noticed Terence
  1527 | D:2      | Killed Terence
  1528 | D:2      | Reached XP level 4. HP: 16/36 MP: 4/4
  1857 | D:2      | 1857 ||| READING scroll labelled XUFISS EKATAYL.
  1899 | D:3      | Found an iron altar of Okawaru.
  1900 | D:3      | 1900 ||| PLANNING OKAWARU WORSHIP
  1900 | D:3      | 1900 ||| READING scroll labelled ZILEYRE MABUE.
  1905 | D:3      | Became a worshipper of Warmaster Okawaru
  1906 | D:3      | 1906 ||| PLANNING D:1-11
  1916 | D:3      | Reached skill level 5 in Ranged Weapons
  2102 | D:3      | Found a burning altar of Makhleb.
  2297 | D:3      | Noticed Robin
  2308 | D:3      | Killed Robin
  2427 | D:3      | Noticed Grinder
  2428 | D:3      | Noticed a scorpion
  2442 | D:3      | HP: 9/37 [poisoned by a scorpion]
  2443 | D:3      | 2443 ||| DRINKING potion of heal wounds.
  2445 | D:3      | Killed a scorpion
  2446 | D:3      | Reached XP level 5. HP: 23/46 MP: 5/5
  2446 | D:3      | 2446 ||| FLEEEEING.
  2458 | D:3      | 2458 ||| FLEEEEING.
  2459 | D:3      | 2459 ||| FLEEEEING.
  2460 | D:3      | 2460 ||| FLEEEEING.
  2462 | D:3      | 2462 ||| STAIRDANCE
  2567 | D:2      | 2567 ||| UPGRADING to +0 leather armour.
  2577 | D:2      | 2577 ||| DROPPING +0 robe.
  2578 | D:2      | 2578 ||| UPGRADING to +0 ring mail.
  2588 | D:2      | 2588 ||| DROPPING +0 leather armour.
  2589 | D:2      | 2589 ||| UPGRADING to ring of positive energy.
  2614 | D:3      | HP: 9/46 [Grinder (9)]
  2615 | D:3      | Killed Grinder
  2615 | D:3      | Reached * piety under Okawaru
  2616 | D:3      | Reached XP level 6. HP: 9/52 MP: 6/6
  2859 | D:3      | Noticed Sigmund
  2879 | D:3      | HP: 12/52 [something/magic dart (7)]
  2882 | D:3      | 2882 ||| DRINKING 2 potions of curing.
  2882 | D:3      | 2882 ||| (to cure confusion)
  2886 | D:3      | HP: 5/52 [Sigmund/magic dart (9)]
  2891 | D:3      | 2891 ||| Stepping randomly (disturbance).
  2892 | D:3      | 2892 ||| Stepping randomly (disturbance).
  2892 | D:3      | Slain by Sigmund

Levels and vault maps discovered:
D:1:      sevenhm_arrival_forest_fort_large_2, layout_loops_ring
D:2:      minmay_spotlight, layout_basic,
          hellmonk_ecumenical_altar_inner_sanctum, grunt_decor_cap, uniq_terence
D:3:      layout_basic, old_standard_altar, mainiacjoe_overflow_cross_hatched,
          uniq_robin, uniq_sigmund, uniq_grinder

Skill      XL: |  1  2  3  4  5 |
---------------+----------------+-----
Ranged Weapons | 3 4 5 |  5.0
Fighting       | 2 4 |  4.0
Armour         | 4 |  4.5
Dodging        | |  2.1
Spellcasting   | |  1.0
Hexes          | |  2.0
Invocations    | |  0.2

Action                     |  1- 3 |  4- 6 || total
---------------------------+-------+-------++-------
   Fire: Sling             |   133 |   124 ||   257
    Use: Scroll            |     7 |     2 ||     9
         Potion            |       |     2 ||     2
 Armour: Robe              |    10 |     6 ||    16
         Ring mail         |       |     2 ||     2
  Dodge: Dodged            |    28 |    25 ||    53
  Block: Other             |     8 |     2 ||    10
         Reflection        |     3 |       ||     3

Table legend:
 A = Non-vault XP
 B = Vault XP
 C = Vault XP percentage of total XP
 D = Non-vault monster count
 E = Vault monster count
 F = Vault count percentage of total count
                 A         B        C        D         E       F
            +---------+---------+-------+---------+---------+-------
      Total |     181 |     372 |  67.3 |      36 |      17 |  32.1
            +---------+---------+-------+---------+---------+-------
        D:1 |      22 |       0 |   0.0 |      14 |       0 |   0.0
        D:2 |      52 |      59 |  53.2 |      15 |       6 |  28.6
        D:3 |     107 |     313 |  74.5 |       7 |      11 |  61.1
            +---------+---------+-------+---------+---------+-------
